 Dungeon Crawl Stone Soup version 0.29.1-12-g30fa7ad0bf (webtiles) character file.

Game seed: 7641626088309774178

374 Brecoman the Insei (level 6, -3/47 HPs)
             Began as a Gnoll Transmuter on Jan 17, 2023.
             Was a Plaything of Xom.
             Slain by a hornet (11 damage)
             ... on level 5 of the Dungeon.
             The game lasted 00:10:28 (4685 turns).

Brecoman the Insei (Gnoll Transmuter)               Turns: 4685, Time: 00:10:29

Health: -3/47      AC:  6    Str:  9 (11) XL:     6   Next: 72%
Magic:  14/14      EV: 11    Int: 10      God:    Xom [*.....]
Gold:   260        SH:  0    Dex: 11 (13) Spells: 12/15 levels left

rFire   . . .      SeeInvis .     - Unarmed
rCold   + . .      Faith    +   (no shield)
rNeg    . . .      Spirit   .   s - +0 ring mail
rPois   .          Reflect  .   (helmet currently unavailable)
rElec   .          Harm     .   g - +0 cloak
rCorr   .          Rampage  .   (no gloves)
Will    .....                   (boots currently unavailable)
Stlth   +.........              h - amulet of faith
HPRegen 0.15/turn               l - ring of protection from cold
MPRegen 0.14/turn               (no ring)

@: lethally poisoned (-3 -> -13), appendages, slowed, very slow
A: horns 2, talons 2, fangs 1, strong nose, distributed training, deterioration
1, dopey 1, wild magic 1
a: End Transformation, Renounce Religion


You were on level 5 of the Dungeon.
You worshipped Xom.
You were a special plaything of Xom.
You had temporarily grown beastly horns and talons.
You visited 1 branch of the dungeon, and saw 5 of its levels.

You collected 260 gold pieces.

Inventory:

Missiles
 d - 27 stones
 q - an atropa-tipped dart
Armour
 a - a +0 robe
 e - a scarf of repulsion
 g - a +0 cloak (worn)
 m - a +0 pair of boots (melded)
 s - a +0 ring mail (worn)
Jewellery
 h - an amulet of faith (around neck)
 j - an amulet of magic regeneration
 k - an amulet of guardian spirit
 l - a ring of protection from cold (left hand)
Scrolls
 c - a scroll of noise {unknown}
 r - 3 scrolls of teleportation {unknown}
 t - 2 scrolls of magic mapping {unknown}
 w - a scroll of fear {unknown}
 y - a scroll of fog {unknown}
 A - a scroll of blinking {unknown}
 B - a scroll of poison {unknown}
 C - 4 scrolls of enchant weapon {unknown}
 D - a scroll of identify {unknown}
Potions
 b - a potion of lignification
 f - a potion of brilliance {unknown}
 i - 4 potions of curing {unknown}
 n - 2 potions of degeneration {unknown}
 o - a potion of mutation {unknown}
 p - a potion of cancellation {unknown}
 u - a potion of ambrosia {unknown}
 v - a potion of heal wounds {unknown}
 x - a potion of resistance {unknown}
 z - 2 potions of haste {unknown}
 E - a potion of invisibility {unknown}


   Skills:
 + Level 3.4 Fighting
 + Level 2.1 Short Blades
 + Level 2.1 Long Blades
 + Level 2.1 Axes
 + Level 2.1 Maces & Flails
 + Level 2.1 Polearms
 + Level 2.1 Staves
 + Level 2.1 Ranged Weapons
 + Level 2.1 Throwing
 + Level 2.1 Armour
 + Level 5.1 Dodging
 + Level 2.1 Stealth
 + Level 2.1 Shields
 + Level 6.9 Unarmed Combat
 + Level 5.4 Spellcasting
 + Level 1.7 Conjurations
 + Level 1.7 Hexes
 + Level 1.7 Summonings
 + Level 1.7 Necromancy
 + Level 1.7 Translocations
 + Level 4.2 Transmutations
 + Level 1.7 Fire Magic
 + Level 1.7 Ice Magic
 + Level 1.7 Air Magic
 + Level 1.7 Earth Magic
 + Level 1.7 Poison Magic
 + Level 2.4 Invocations
 + Level 2.1 Evocations


You had 12 spell levels left.
You knew the following spells:

 Your Spells              Type           Power      Damage    Failure   Level
a - Beastly Appendage     Tmut           28%        N/A       16%         1
b - Wereblood             Tmut           14%        N/A       22%         2

Your spell library contained the following spells:

 Spells                   Type           Power      Damage    Failure   Level
 Sublimation of Blood     Necr           8%         N/A       50%         2
 Spider Form              Tmut/Pois      11%        N/A       54%         3
 Gell's Gravitas          Tloc           8%         N/A       73%         3
 Teleport Other           Tloc           8%         N/A       73%         3
 Ice Form                 Ice/Tmut       11%        N/A       90%         4
 Dispersal                Tloc           4%         N/A       100%        6
 Summon Hydra             Summ           4%         N/A       100%        7


Dungeon Overview and Level Annotations

Branches:
Dungeon (5/15)             Temple (0/1) D:4

Altars:
Okawaru
Uskayaw
Xom
Yredelemnul

Shops:
D:3 [

Annotations:
D:3 3 runed translucent doors, enclume's ghost, amateur GrEE
D:4 1 runed translucent door


Innate Abilities, Weirdness & Mutations

You have temporarily grown beastly horns and talons.
You have very sharp teeth.
Your uncanny sense of smell can sniff out nearby items.
Your experience applies equally to all skills.
Your body sometimes deteriorates upon taking damage.
You are dopey. (Int -2)
Your spells are a little harder to cast, but a little more powerful.


Message History

You extend your transformation's duration.
You hit the hornet but do no damage. Your headbutt misses the hornet.
Your bite misses the hornet. The hornet stings you!
You feel yourself slow down.
You miss the hornet. Your kick misses the hornet. The hornet stings you!
You feel as though you will be slow longer.
The hornet stings you!
You feel as though you will be slow longer.
You are too injured to fight recklessly!
You are too injured to fight recklessly!
You are too injured to fight recklessly!
You miss the hornet. Your punch misses the hornet.
The hornet barely misses you. x2
You closely miss the hornet. Your kick misses the hornet.
The hornet stings you but does no damage.
The hornet stings you.
You feel as though you will be slow longer.
You barely miss the hornet. You claw the hornet, but do no damage.
You headbutt the hornet.
The hornet is lightly wounded. "Get over here!"
The hornet blinks!
The hornet stings you but does no damage.
The hornet barely misses you.
You hit the hornet. You claw the hornet.
You headbutt the hornet, but do no damage.
Your bite misses the hornet.
The hornet is moderately wounded.
The hornet closely misses you. x2
You miss the hornet. You claw the hornet, but do no damage.
You bite the hornet, but do no damage.
The hornet is moderately wounded.
The hornet stings you!
* * * LOW HITPOINT WARNING * * *
Your body deteriorates!
You feel clumsy.
You are lethally poisoned!
You feel as though you will be slow longer.
The hornet stings you!
You die...
Xom bursts into laughter!

#.......#
#.......#####
#.##..#......
#(##.<)..##
#.#.##.#....##
#..............
#.#.##.#...>###
#.##.#.####
#@##.#.#
#y##.#.#
#.##.#.# #....#
######


You could see a hornet.

Vanquished Creatures
  A sky beast (D:4)
  A necrophage (D:4)
  2 jellies (D:3)
  An orc wizard (D:4)
  5 adders
  4 worms
  3 dart slugs
  9 orcs
  9 ball pythons
  2 endoplasms
  4 giant cockroaches
  8 goblins
  2 hobgoblins
  An iguana (D:3)
  4 jackals
  A quokka (D:1)
  5 bats
  2 frilled lizards (D:3)
  3 kobolds
  6 rats
73 creatures vanquished.

Vanquished Creatures (others)
  4 fungi (D:3)
4 creatures vanquished.

Grand Total: 77 creatures vanquished

Notes
Turn   | Place    | Note
-------+----------+-------------------------------------------
     0 | D:1      | Brecoman the Gnoll Transmuter began the quest for the Orb.
     0 | D:1      | Reached XP level 1. HP: 17/17 MP: 6/6
    41 | D:1      | Found a faded altar of an unknown god.
   133 | D:1      | Prayed at the altar of an unknown god.
   133 | D:1      | Became a worshipper of Xom of Chaos
   319 | D:1      | XOM: cloud trail
   348 | D:1      | XOM is BORED!
   348 | D:1      | XOM: noise
   352 | D:1      | Reached XP level 2. HP: 22/23 MP: 5/7
   471 | D:1      | XOM: 6-stop teleportation journey
   577 | D:1      | XOM: silly message
   618 | D:1      | XOM: silly message
   692 | D:1      | XOM: divination: detect creatures
   861 | D:1      | XOM: god gift: atropa-tipped dart
  1201 | D:1      | XOM: god gift: book of Blood
  1206 | D:1      | Learned a level 2 spell: Wereblood
  1259 | D:1      | XOM is BORED!
  1259 | D:1      | XOM: summons 2 hostile shadow creatures
  1430 | D:1      | XOM: god gift: 51 gold pieces
  1438 | D:2      | XOM: divination: detect creatures
  1588 | D:2      | XOM: 5-stop teleportation journey
  1600 | D:2      | XOM: enchant monster (good)
  1609 | D:2      | Reached skill level 5 in Spellcasting
  1609 | D:2      | Reached XP level 3. HP: 26/28 MP: 6/9
  1745 | D:2      | XOM: cast spell 'Olgreb's Toxic Radiance'
  1748 | D:2      | XOM: blink monster(s)
  1753 | D:2      | Reached skill level 1 in Invocations
  1942 | D:2      | You fall into a shaft and drop 1 floor!
  2025 | D:2      | Reached skill level 1 in Short Blades
  2025 | D:2      | Reached skill level 1 in Long Blades
  2025 | D:2      | Reached skill level 1 in Axes
  2025 | D:2      | Reached skill level 1 in Maces & Flails
  2025 | D:2      | Reached skill level 1 in Polearms
  2025 | D:2      | Reached skill level 1 in Staves
  2025 | D:2      | Reached skill level 1 in Ranged Weapons
  2025 | D:2      | Reached skill level 1 in Throwing
  2025 | D:2      | Reached skill level 1 in Armour
  2025 | D:2      | Reached skill level 1 in Stealth
  2025 | D:2      | Reached skill level 1 in Shields
  2025 | D:2      | Reached skill level 1 in Evocations
  2139 | D:2      | XOM: give mutation
  2139 | D:2      | Gained mutation: You expend magic power (3 MP) to
                  | strengthen your wands. [Xom's grace]
  2214 | D:2      | Reached XP level 4. HP: 31/34 MP: 9/11
  2490 | D:2      | XOM: give mutations
  2490 | D:2      | Gained mutation: Your spells are a little harder to cast,
                  | but a little more powerful. [Xom's mischief]
  2490 | D:2      | Gained mutation: Your body sometimes deteriorates upon
                  | taking damage. [Xom's mischief]
  2613 | D:3      | Found Gethead's Armour Shop.
  2616 | D:3      | Found a runed translucent gate.
  2616 | D:3      | Found a runed translucent gate.
  2620 | D:3      | Noticed enclume's ghost (amateur GrEE)
  2623 | D:3      | Found a runed translucent gate.
  2633 | D:3      | Noticed a kobold brigand
  2688 | D:3      | Reached skill level 1 in Conjurations
  2688 | D:3      | Reached skill level 1 in Hexes
  2688 | D:3      | Reached skill level 1 in Summonings
  2688 | D:3      | Reached skill level 1 in Necromancy
  2688 | D:3      | Reached skill level 1 in Translocations
  2688 | D:3      | Reached skill level 1 in Fire Magic
  2688 | D:3      | Reached skill level 1 in Ice Magic
  2688 | D:3      | Reached skill level 1 in Air Magic
  2688 | D:3      | Reached skill level 1 in Earth Magic
  2688 | D:3      | Reached skill level 1 in Poison Magic
  2690 | D:3      | Found a shimmering altar of Xom.
  2718 | D:3      | Reached XP level 5. HP: 19/40 MP: 10/12
  3195 | D:3      | Found an iron altar of Okawaru.
  3255 | D:3      | XOM: summons 2 hostile shadow creatures
  3353 | D:3      | XOM: give mutations
  3353 | D:3      | Gained mutation: You are dopey. (Int -2) [Xom's mischief]
  3353 | D:3      | Lost mutation: You expend magic power (3 MP) to strengthen
                  | your wands. [Xom's mischief]
  3407 | D:4      | Noticed a sky beast
  3407 | D:4      | XOM: fog
  3418 | D:4      | Killed a sky beast
  3419 | D:4      | Reached XP level 6. HP: 30/47 MP: 14/14
  3532 | D:4      | Found a staircase to the Ecumenical Temple.
  3649 | D:4      | XOM: confusion (+ monsters)
  3660 | D:4      | XOM: blink monster(s)
  3666 | D:4      | Reached skill level 5 in Dodging
  3720 | D:4      | Found a runed translucent door.
  3720 | D:4      | Found a basalt altar of Yredelemnul.
  3720 | D:4      | Noticed a human
  3720 | D:4      | XOM: 1-stop teleportation journey
  4080 | D:4      | XOM: summons 1 hostile shadow creature
  4229 | D:4      | XOM: cloud trail
  4514 | D:4      | Found a hide-covered altar of Uskayaw.
  4658 | D:5      | Entered Level 5 of the Dungeon
  4676 | D:5      | Noticed a hornet
  4683 | D:5      | XOM: blink monster(s)
  4685 | D:5      | Slain by a hornet

Illustrated notes

Levels and vault maps discovered:
D:1:      dpeg_arrival_tiny_b, layout_loops_ring,
          hellmonk_ecumenical_altar_lost_god, chequers_serial_rivers_marsh,
          dreamdust_princess_bridge, dk_noncrumbling_4, serial_bayou_lagoon_b
D:2:      layout_basic, kennysheep_generic_room_4
D:3:      layout_basic, dk_xom_monty_hall,
          mainiacjoe_overflow_concentric_impassable, serial_shops, shop,
          gammafunk_ghost_nasty_kobolds, serial_corexii_hall,
          corexii_hall_statues_t, corexii_hall_statues_u
D:4:      layout_basic, dk_yredelemnul_ordeal, nicolae_uskayaw_suspiria,
          minmay_temple_entry_sparse_star, corexii_item_surrounded_by_moat,
          kennysheep_nub
D:5:      layout_basic, cheibriados_altar_1, uniq_eustachio,
          uniq_crazy_yiuf_cottage

Skill      XL: |  1  2  3  4  5  6 |
---------------+-------------------+-----
Spellcasting   | 5 |  5.4
Invocations    | 1 2 |  2.4
Short Blades   | 1 2 |  2.1
Long Blades    | 1 2 |  2.1
Axes           | 1 2 |  2.1
Maces & Flails | 1 2 |  2.1
Polearms       | 1 2 |  2.1
Staves         | 1 2 |  2.1
Ranged Weapons | 1 2 |  2.1
Throwing       | 1 2 |  2.1
Armour         | 1 2 |  2.1
Stealth        | 1 2 |  2.1
Shields        | 1 2 |  2.1
Evocations     | 1 2 |  2.1
Conjurations   | 1 |  1.7
Hexes          | 1 |  1.7
Summonings     | 1 |  1.7
Necromancy     | 1 |  1.7
Translocations | 1 |  1.7
Fire Magic     | 1 |  1.7
Ice Magic      | 1 |  1.7
Air Magic      | 1 |  1.7
Earth Magic    | 1 |  1.7
Poison Magic   | 1 |  1.7
Fighting       | 3 |  3.4
Transmutations | 4 |  4.2
Dodging        | 5 |  5.1
Unarmed Combat | |  6.9

Action                   |  1- 3 |  4- 6 || total
-------------------------+-------+-------++-------
Melee: Unarmed           |    95 |   134 ||   229
       Headbutt          |    11 |    15 ||    26
       Kick              |    17 |    27 ||    44
       Bite              |     9 |     8 ||    17
       Punch             |     2 |     2 ||     4
 Cast: Beastly Appendage |    22 |    24 ||    46
 Stab: Confused          |       |     1 ||     1
Armor: Robe              |    29 |       ||    29
       Ring mail         |    10 |    35 ||    45
Dodge: Dodged            |   106 |    52 ||   158
